[Event "ESCC-65 2022"]
[Site "Lublin"]
[Date "2022.07.06"]
[Round "2.7"]
[White "Rak, Tomasz"]
[Black "Schulz, Michael"]
[Result "1/2-1/2"]
[ECO "A31"]
[WhiteElo "1887"]
[BlackElo "2217"]
[Annotator "TA"]
[PlyCount "126"]
[EventDate "2022.07.05"]
[EventType "swiss"]
[EventCountry "POL"]
[SourceTitle "playchess.com"]
[Source "ChessBase"]
[SourceQuality "1"]
[TimeControl "40/5400+30:1800+30"]

1. Nf3 c5 2. c4 Nf6 3. d4 cxd4 4. Nxd4 e5 5. Nc2 d5 6. cxd5 Qxd5 7. Bd2 {[%emt 0:05:09] A31: Symmetrical English: 2 Nf3 Nf6 3 d4.} Ne4 {[%emt 0:04:56] [#]} 8. f3 $146 ({Predecessor:} 8. Ne3 Qd4 9. Nc3 Bb4 10. Nxe4 Qxe4 11. Nd5 Qxd5 12. Bxb4 Qxd1+ 13. Rxd1 Nc6 14. Bc3 Be6 {½-½ (71) Maze,S (2594)-Shoker,S (2517) Belfort 2012}) 8... Nxd2 9. Nxd2 {[%emt 0:00:40] Black is slightly better.} Nc6 10. e4 Qa5 11. Bc4 Be6 12. Bxe6 fxe6 13. a3 Rd8 14. b4 Qb6 (14... Qa4 $5 15. Ne3 Qa6 $15) 15. Qb1 Nd4 16. Nc4 Qc7 17. Qa2 b5 18. Nxd4 Rxd4 (18... exd4 $11 {remains equal.} 19. Na5 Qc3+ 20. Kf2 Qe3+ 21. Kf1 Be7 22. Qxe6 Qd3+ 23. Kg1 Qe3+ 24. Kf1 Qd3+ 25. Kg1 Qe3+ 26. Kf1) 19. Nd2 $2 (19. Na5 $16 {keeps the pressure on.}) 19... Qb6 (19... Qc3 $17 20. O-O Qxd2 21. Qxe6+ Be7 22. Qxe5 Kf7 23. Qxb5 Qg5) 20. Ke2 $11 Be7 21. Nb3 Rd8 22. Rhc1 Bg5 {[%emt 0:02:52] White must now prevent ...Qe3+.} 23. Rc5 (23. Nc5 Bxc1 24. Rxc1 Kf7 $17) 23... O-O (23... Qd6 24. Qc2 $14) 24. Qc2 Rd6 25. Rd1 Rxd1 26. Qxd1 Rd8 {[%emt 0:01:48] Against Qd7} 27. Qc2 a6 (27... Be7 $11) 28. Qc3 (28. g3 $14) 28... Qd6 {[%emt 0:01:56] ...Qd1+ is the strong threat.} 29. Rc8 Qd1+ 30. Kf2 Rxc8 31. Qxc8+ {[%emt 0:00:03][%mdl 4096] Endgame KQB-KQN} Kf7 32. Qc3 Kg6 33. g3 Qh1 34. Qxe5 Qxh2+ 35. Kf1 Qh3+ 36. Kf2 Bf6 $36 {[%emt 0:00:15][%mdl 2048] Black has some pressure.} 37. Qf4 (37. Qd6 $1 $11) 37... Qh2+ $19 38. Kf1 Qh1+ $1 39. Kf2 h5 $1 40. e5 Bg5 $1 41. Qe4+ Kh6 42. Qa8 $2 (42. Nc5 $17 Qh2+ 43. Kf1) 42... Qh2+ 43. Kf1 Be3 44. Ke1 Qxg3+ 45. Ke2 Qxe5 46. Kd3 (46. Qe4 $142 Bf4 47. Qxe5 Bxe5 48. Nc5) 46... Bg5 $2 (46... h4 $19 47. Qh8+ Kg5) 47. Qh8+ $1 $11 Kg6 48. Qe8+ Kf6 ({Reject} 48... Kh6 49. Qh8+ Kg6 50. Qe8+ Kh6 51. Qh8+) 49. Qf8+ $1 Kg6 50. Qe8+ Kf5 ({Of course not} 50... Kh6 51. Qh8+ Kg6 52. Qe8+ $15) 51. Nd4+ $2 (51. Qf7+ $1 $11 {and White is okay.} Bf6 52. Qxh5+ g5 53. Nc5) 51... Kf4 $19 ({Stronger than} 51... Kf6 52. Qf8+ Kg6 53. Qe8+ Kh7 54. Qxh5+ Kg8 55. Qe8+ Kh7 56. Qh5+ Kg8 57. Qe8+ Kh7 58. Qh5+ $11) 52. Ne2+ $2 (52. Nxe6+ Kg3 53. Qg6 Qd5+ 54. Kc3 Qxf3+ 55. Kc2 Qe2+ 56. Kb3 Qd1+ 57. Kb2 Qc1+ 58. Ka2 Qc4+ 59. Kb2 Qe2+ 60. Kb1 Qd1+ 61. Kb2 Qe2+ 62. Kb1 Qd1+ 63. Kb2) 52... Kxf3 53. Qxh5+ Kf2 {[%emt 0:00:12] ( -> ...Qf5+)} 54. Nc3 Qe3+ 55. Kc2 {[%emt 0:00:08] Strongly threatening Nd1+.} Qd2+ ({Black should try} 55... Kg3 $19 {aiming for ...Bf6.} 56. Qg6 Qe5 57. Qd3+ Kh4 58. Qh7+ Kg4) 56. Kb3 $11 Qe3 {[%emt 0:05:13][%mdl 8192] [#] Inhibits Ne4+.} (56... Kg2 $11 57. Qg4+ Kh2 58. Qh5+ Kg2 59. Qg4+ Kh2 60. Qh5+ Kg2) 57. Qxg5 $3 $18 {[%emt 0:00:50][%mdl 576] Decoy} Qxg5 (57... Qd4 58. Qc5) 58. Ne4+ Ke3 59. Nxg5 e5 {[%emt 0:00:07] [#]} 60. Kc3 $2 (60. Kc2 $1 $18 g6 61. Kd1) 60... g6 $2 (60... e4 $11) 61. Ne6 Ke2 62. Ng5 {[%emt 0:01:11] Hoping for Nf7.} Ke3 63. Ne6 Ke2 {[%emt 0:00:08][%mdl 32768] What a fight!  Weighted Error Value: White=0.82/Black=0.34. An unexpected result.} 1/2-1/2

[Event "ESCC-65 2022"]
[Site "Lublin"]
[Date "2022.07.06"]
[Round "2.8"]
[White "Hewson, Brian W R"]
[Black "Neumann, Joachim"]
[Result "1/2-1/2"]
[ECO "E17"]
[WhiteElo "2049"]
[BlackElo "2082"]
[Annotator "TA"]
[PlyCount "47"]
[EventDate "2022.07.05"]
[EventType "swiss"]
[EventCountry "POL"]
[SourceTitle "playchess.com"]
[Source "ChessBase"]
[SourceQuality "1"]
[TimeControl "40/5400+30:1800+30"]

1. d4 Nf6 2. Nf3 e6 3. c4 b6 4. g3 Bb7 5. Bg2 Be7 6. O-O O-O 7. b3 d6 {[%emt 0:03:51] E17: Queen's Indian: 4 g3 Bb7 5 Bg2 Be7.} 8. Bb2 Qc8 9. Nbd2 Ne4 {[%emt 0:00:59] [#] White has an edge.} 10. e3 $146 ({Predecessor:} 10. d5 Nxd2 11. Nxd2 c5 12. Bh3 Na6 13. e4 Nc7 14. f4 Re8 15. Qh5 Qd8 16. Qg4 {1-0 (52) Kurajica,B (2531)-Kamberovic,S (2272) Sarajevo 2011}) 10... Nd7 11. Rc1 Bf6 12. Qc2 Nxd2 13. Nxd2 Bxg2 14. Kxg2 e5 15. Rcd1 exd4 16. exd4 (16. Ne4 {is interesting.} dxe3 17. Bxf6 Nxf6 18. Nxf6+ gxf6 19. fxe3 Re8 20. Rxf6 Rxe3 21. Rxf7 Kxf7 22. Qf2+) 16... Qb7+ 17. f3 g6 {[%emt 0:06:01] Against Qf5} 18. Rfe1 Rae8 19. Re4 (19. Ne4 $14 {is more appropriate.}) 19... Bg7 $11 {[%emt 0:02:32] The position is equal.} 20. Rde1 Nf6 21. Rxe8 Rxe8 22. Rxe8+ Nxe8 23. d5 Bxb2 24. Qxb2 {[%emt 0:00:24] Weighted Error Value: White=0.09 (flawless) /Black=0.08 (flawless)} 1/2-1/2

[Event "ESCC-65 2022"]
[Site "Lublin"]
[Date "2022.07.06"]
[Round "2.9"]
[White "Gromowski, Stanislaw"]
[Black "Berkley, Stephen W"]
[Result "0-1"]
[ECO "C02"]
[WhiteElo "1613"]
[BlackElo "1525"]
[Annotator "NA RC COMBH"]
[PlyCount "58"]
[EventDate "2022.07.05"]
[EventType "swiss"]
[EventCountry "POL"]
[SourceTitle "playchess.com"]
[Source "ChessBase"]
[SourceQuality "1"]
[TimeControl "40/5400+30:1800+30"]

1. e4 e6 2. d4 d5 3. e5 c5 4. c3 Nc6 5. Bb5 Bd7 6. Ba4 cxd4 7. cxd4 Qb6 8. Nf3 Nge7 9. O-O Nf5 10. Bxc6 bxc6 11. Nc3 Be7 12. Rb1 O-O 13. Ne2 a5 14. Bg5 Bxg5 15. Nxg5 h6 16. Nf3 c5 17. dxc5 Qxc5 18. g4 Ne7 19. Ned4 Nc6 20. Qd2 Nxd4 21. Nxd4 Qb4 22. Qe3 Rfc8 23. a3 Qb6 24. b4 Rc4 25. Rfd1 axb4 26. axb4 Rxb4 27. Rxb4 Qxb4 28. h3 Ra3 29. Rd3 Qb1+ 0-1

[Event "ESCC-65 2022"]
[Site "Lublin"]
[Date "2022.07.06"]
[Round "2.10"]
[White "Chubar, Vladimir"]
[Black "Stebbings, Anthony J"]
[Result "0-1"]
[ECO "A46"]
[WhiteElo "1809"]
[BlackElo "2283"]
[Annotator "TA"]
[PlyCount "52"]
[EventDate "2022.07.05"]
[EventType "swiss"]
[EventCountry "POL"]
[SourceTitle "playchess.com"]
[Source "ChessBase"]
[SourceQuality "1"]
[TimeControl "40/5400+30:1800+30"]

1. d4 Nf6 2. Nf3 e6 3. Bg5 h6 4. Bh4 d6 5. Nbd2 g5 6. Bg3 {[%emt 0:00:25] A46: 1 d4 Nf6 2 Nf3 e6: Torre, London and Colle Systems.} Nh5 7. e3 Nd7 8. Bd3 {[%emt 0:02:28] The position is equal.} Bg7 9. O-O O-O 10. Ne1 Nxg3 11. fxg3 {[%emt 0:01:41] [#]} Qe7 $146 (11... d5 $15) ({Predecessor:} 11... f5 12. c3 d5 13. g4 fxg4 14. Qxg4 Nf6 15. Qe2 e5 16. dxe5 Ng4 17. Nef3 Qe7 {1-0 (48) Dzagnidze,N (2321)-Paehtz,E (2383) Athens 2001}) 12. g4 c5 13. c3 b6 14. Qf3 d5 15. e4 $2 {[%emt 0:03:21] This move loses the game for White.} (15. Qe2 $11 {and White stays safe.}) 15... cxd4 $19 16. exd5 Ne5 ({Avoid the trap} 16... dxc3 $2 17. dxe6 cxd2 18. Qxa8 Qxe6 19. Bf5 dxe1=Q 20. Raxe1 Qxa2 21. Kh1) 17. Qe4 {[%emt 0:02:23][%csl Gd3][%cal Re4h7] [#]} Nxd3 18. Nxd3 dxc3 19. bxc3 Bb7 20. c4 (20. d6 Qxd6 21. Qxb7 Qxd3 22. Nf3) 20... Bxa1 {[%emt 0:00:10] Black is clearly winning.} 21. Rxa1 Qf6 22. Rf1 exd5 23. cxd5 Qd6 24. Rf5 Rad8 25. Qd4 {[%emt 0:03:38] [#] Strongly threatening Ne4.} Bxd5 26. Rf6 Be6 {[%emt 0:00:33] Weighted Error Value: White=0.72/Black=0.04 (flawless)} 0-1

[Event "ESCC-65 2022"]
[Site "Lublin"]
[Date "2022.07.06"]
[Round "2.11"]
[White "Sosnowska, Elzbieta"]
[Black "Stokes, Michael"]
[Result "0-1"]
[ECO "C25"]
[WhiteElo "1726"]
[BlackElo "2024"]
[Annotator "TA"]
[PlyCount "123"]
[EventDate "2022.07.05"]
[EventType "swiss"]
[EventCountry "POL"]
[SourceTitle "playchess.com"]
[Source "ChessBase"]
[SourceQuality "1"]
[TimeControl "40/5400+30:1800+30"]

1. e4 e5 2. Nc3 Bc5 3. f4 d6 4. Nf3 Nf6 5. d4 exd4 6. Nxd4 {[%emt 0:02:34] C30: King's Gambit Declined.} O-O 7. Be2 Re8 8. Nb3 {[%emt 0:15:29] [#]} (8. Bf3 $17) 8... Bb4 $146 (8... Bb6 $1 $19 9. Nd2 Nc6) ({Predecessor:} 8... Bb6 9. e5 dxe5 10. fxe5 Qxd1+ 11. Nxd1 Rxe5 12. Nc3 Bg4 13. Bf4 Re6 14. Kd2 Bxe2 15. Nxe2 {0-1 (20) Toelg,W (1782)-Handel,O (1705) Ditzingen 2013}) 9. Nd2 Bxc3 10. bxc3 Nxe4 11. Nxe4 Rxe4 12. O-O Nd7 13. Bd3 Re8 14. Qf3 Nc5 15. Bd2 Bd7 16. Rab1 Qh4 17. Be1 Qg4 18. f5 Qxf3 19. Rxf3 Bc6 20. Rg3 Be4 (20... Ne4 $19 21. Re3 b6) 21. Bf2 $17 b6 22. Bd4 g6 (22... Nxd3 $17 23. cxd3 Bxf5 24. Rxg7+ Kf8) 23. Rf1 $15 {[%emt 0:03:36] [#]} Nd7 (23... Bxd3 $1 $17 24. cxd3 Re2) 24. fxg6 fxg6 25. Bc4+ d5 26. Bb5 Re7 $36 {[%emt 0:02:36][%mdl 2048] White is under pressure.} 27. Bc6 Rf8 {[%emt 0:03:38] Strongly threatening ...Rxf1+. Black keeps a firm grip on the game.} 28. Rg5 (28. Re3 $142 Rxf1+ 29. Kxf1 Rf7+ 30. Ke2) 28... Rxf1+ $17 29. Kxf1 h6 (29... Bxc2 30. Rxd5 Bf5 31. a3 $17) 30. Rg4 (30. Rg3 $142) 30... Ne5 $19 31. Bxe5 Rxe5 {[%emt 0:00:06][%mdl 4096] Endgame KRB-KRB} 32. c4 Bf5 ({Worse is} 32... Bxc2 33. Bxd5+ Kg7 34. Rf4 $17) 33. Rd4 dxc4 ({Stronger than} 33... Bxc2 34. Bxd5+ Kg7 35. Kf2 $17) 34. Bd5+ Kf8 35. Bxc4 Bxc2 36. Rd7 Re7 37. Rd8+ Kg7 38. Rg8+ Kh7 39. Rd8 Bf5 40. h3 c6 41. g4 Be4 42. Bg8+ Kg7 43. Bb3 Kf6 44. Kf2 h5 45. Kg3 (45. gxh5 {keeps fighting.} gxh5 46. Rh8) 45... hxg4 46. Rf8+ Ke5 {[%emt 0:00:51] Black is clearly winning.} 47. hxg4 b5 48. Kh4 c5 49. Bf7 c4 50. Kg5 c3 {[%emt 0:00:46] aiming for ...c2.} 51. Bb3 Kd4 ({And not} 51... c2 52. Rc8 $17) 52. Kf4 a5 53. Rd8+ Kc5 54. a3 a4 55. Rc8+ Bc6 56. Bc2 Re2 57. Bxg6 c2 58. Bxc2 Rxc2 59. g5 Kd6 60. g6 Rg2 61. Rxc6+ Kxc6 62. Kf5 {[%emt 0:00:17] Weighted Error Value: White=0.42/Black=0.11 (very precise)} 0-1

[Event "ESCC-65 2022"]
[Site "Lublin"]
[Date "2022.07.06"]
[Round "2.12"]
[White "Kasprzyk, Irena"]
[Black "Patola, Eero"]
[Result "1/2-1/2"]
[ECO "B01"]
[WhiteElo "2017"]
[BlackElo "1810"]
[Annotator "TA"]
[PlyCount "48"]
[EventDate "2022.07.05"]
[EventType "swiss"]
[EventCountry "POL"]
[SourceTitle "playchess.com"]
[Source "ChessBase"]
[SourceQuality "1"]
[TimeControl "40/5400+30:1800+30"]

1. e4 d5 2. exd5 Nf6 3. d4 Nxd5 4. Nf3 g6 5. c3 Bg7 6. Bd3 O-O 7. O-O c6 {[%emt 0:01:05] B01: Scandinavian Defence.} 8. Re1 {[%emt 0:00:34] [#]} h6 $146 (8... Bg4 $11 {is more appropriate.}) ({Predecessor:} 8... Bg4 9. h3 Be6 10. Nbd2 h6 11. Ne5 Nd7 12. Nxg6 fxg6 13. Rxe6 Nf4 14. Re3 e5 15. Nf3 exd4 16. cxd4 Nxd3 17. Qxd3 {½-½ (36) Meszaros,N (2111)-Bona,J (1917) Slovakia 2019}) 9. Na3 Bg4 {[%emt 0:02:51] White is slightly better.} 10. h3 Bxf3 11. Qxf3 e6 12. Nc4 Qf6 13. Qg3 Nd7 14. Nd6 b5 15. Ne4 Qd8 16. Bf4 (16. a4 $5 ) 16... Nxf4 {[%emt 0:01:01] The position is equal.} 17. Qxf4 Nb6 18. Rad1 Nd5 19. Qg3 a5 20. Nc5 Qc7 {[%emt 0:07:24] Hoping for ...Qxg3.} 21. Qxc7 Nxc7 22. Nd7 Rfd8 23. Ne5 Bxe5 24. Rxe5 Rd5 {[%emt 0:02:07] Weighted Error Value: White=0.12 (very precise) /Black=0.09 (flawless)} 1/2-1/2

[Event "ESCC-65 2022"]
[Site "Lublin"]
[Date "2022.07.06"]
[Round "2.13"]
[White "Gasik, Piotr"]
[Black "Krupa, Jerzy"]
[Result "1/2-1/2"]
[ECO "A34"]
[WhiteElo "1990"]
[BlackElo "1771"]
[Annotator "TA"]
[PlyCount "112"]
[EventDate "2022.07.05"]
[EventType "swiss"]
[EventCountry "POL"]
[SourceTitle "playchess.com"]
[Source "ChessBase"]
[SourceQuality "1"]
[TimeControl "40/5400+30:1800+30"]

1. c4 c5 2. Nc3 g6 3. Nf3 Bg7 4. d4 cxd4 5. Nxd4 Nc6 6. e3 Nf6 7. Be2 d6 8. O-O O-O 9. b3 Bd7 10. Nc2 Bf5 11. Nd4 Bd7 12. Bb2 a6 13. Rc1 {[%emt 0:00:28] A35: Symmetrical English: 2 Nc3 Nc6 3 Nf3.} Rc8 14. Qd2 Qa5 15. Rfd1 {[%emt 0:00:42] [#] White has an edge.} Kh8 $146 ({Better is} 15... Nxd4 $11 16. Qxd4 Bc6) ({Predecessor:} 15... Ne5 16. h3 Rfe8 17. a3 Qc5 18. b4 Qa7 19. Nd5 Nxd5 20. cxd5 b5 21. Rxc8 Rxc8 22. Rc1 Nc4 23. Bxc4 bxc4 {½-½ (103) Pozo,S (2190)-Gordievsky,D (2562) Chess.com INT 2017}) 16. Kh1 (16. Nf3 $14) 16... Ng4 (16... Nxd4 $11 17. exd4 b5) 17. Kg1 Nf6 {[%emt 0:04:06] Prevents Nd5.} 18. Bf3 Bg4 19. Bxg4 Nxg4 20. Nd5 Qxd2 21. Rxd2 Rfe8 22. Nb6 Rcd8 23. Rcd1 Nf6 24. f3 Nd7 25. Nd5 Rc8 26. Ne2 Bxb2 27. Rxb2 Kg7 28. Kf2 Nf6 29. Nb6 Rc7 30. g4 h6 31. h4 Ne5 32. Nd4 Ned7 33. Nxd7 Nxd7 34. e4 Ne5 35. Kg3 Nc6 36. Ne2 g5 37. Nc3 Ne5 38. h5 Rc5 (38... b5 $5) 39. Nd5 b5 40. cxb5 axb5 41. Kf2 Kf8 42. Rbd2 Rec8 43. a4 bxa4 44. bxa4 Ra8 45. Ra2 Ra7 (45... e6 {with more complications.} 46. Ne3 Rc3 47. Rb1 Ra6) 46. Rd4 Nc6 (46... e6 {keeps more tension.} 47. Ne3 Rc3 48. Ke2 Ra5) 47. Rdd2 Rc4 48. Nb6 (48. Rac2 $11 Rc5 49. Rxc5 dxc5 50. Ra2) 48... Rb4 $15 49. Rab2 {[%emt 0:02:18] [#]} Rb7 (49... Ra6 $1 $17 50. Nd5 Rbxa4) 50. Rxb4 $11 {[%emt 0:02:55] The position is equal.} Nxb4 {[%emt 0:00:02][%mdl 4096] Endgame KRN-KRN} 51. a5 Nc6 52. Nc4 Rb4 53. Rc2 {[%emt 0:00:26][%cal Oc4d6] [#] Black must now prevent Nxd6!} Nd4 54. Rc3 Nb5 55. Rc2 Nd4 56. Rc3 Nb5 {[%emt 0:00:07] Weighted Error Value: White=0.14 (very precise) /Black=0.11 (very precise)} 1/2-1/2

[Event "ESCC-65 2022"]
[Site "Lublin"]
[Date "2022.07.06"]
[Round "2.14"]
[White "Plesiuk, Jan"]
[Black "Sciupokas, Arunas"]
[Result "0-1"]
[ECO "A40"]
[WhiteElo "1573"]
[BlackElo "1960"]
[Annotator "TA"]
[PlyCount "46"]
[EventDate "2022.07.05"]
[EventType "swiss"]
[EventCountry "POL"]
[SourceTitle "playchess.com"]
[Source "ChessBase"]
[SourceQuality "1"]
[TimeControl "40/5400+30:1800+30"]

1. d4 Nc6 2. e4 e5 3. c3 Nf6 4. d5 Ne7 5. Bd3 c6 6. c4 $1 {[%emt 0:00:32] B00: Queen's Fianchetto Defence, Nimzowitsch Defence.} Ng6 7. Be3 Bb4+ 8. Nd2 {[%emt 0:00:46] [#] The position is equal.} O-O $146 (8... b5 $5) ({Predecessor:} 8... d6 9. a3 Ba5 10. f3 O-O 11. Ne2 Bb6 12. Bxb6 Qxb6 13. Qb3 Qe3 14. Bc2 Qg5 {1-0 (47) Schiewer,R-Hubert,P Mecklenburg VP 2000}) 9. f3 {[%emt 0:01:24] [#]} (9. a3 $1 $11 Ba5 10. b4) 9... b5 $1 $17 {[%emt 0:08:00] And now ...bxc4 would win.} 10. a3 bxc4 11. Bxc4 cxd5 12. exd5 (12. axb4 $15 dxc4 13. Ne2) 12... Ba5 13. Nh3 d6 {[%emt 0:08:21] Strongly threatening ...Bxh3.} 14. Nf2 Ne7 15. Bg5 Ne8 16. Bxe7 Qxe7 17. O-O Bb7 18. b4 Bb6 19. h3 (19. Rc1 $17 {keeps fighting.}) 19... Nf6 $19 20. Nde4 Nh5 {[%emt 0:00:35] Hoping for ...Rac8.} 21. g3 $2 {[%emt 0:01:11] [#]} (21. Qd2) 21... f5 22. g4 $2 (22. Kh2) 22... fxe4 23. gxh5 e3 {[%emt 0:01:17] Weighted Error Value: White=0.86/Black=0.10 (very precise)} 0-1

[Event "ESCC-65 2022"]
[Site "Lublin"]
[Date "2022.07.06"]
[Round "2.16"]
[White "Severcan, Sedat Sabri"]
[Black "Virtanen, Esko"]
[Result "1-0"]
[ECO "D15"]
[WhiteElo "1849"]
[BlackElo "1709"]
[Annotator "NA RC COMBH"]
[PlyCount "55"]
[EventDate "2022.07.05"]
[EventType "swiss"]
[EventCountry "POL"]
[SourceTitle "playchess.com"]
[Source "ChessBase"]
[SourceQuality "1"]
[TimeControl "40/5400+30:1800+30"]

1. d4 d5 2. c4 c6 3. Nc3 Nf6 4. Nf3 Bf5 5. g3 e6 6. Bg2 Be7 7. Bf4 dxc4 8. Ne5 Nd5 9. Nxc4 Nxf4 10. gxf4 O-O 11. O-O Qc7 12. e3 Rd8 13. Qe2 a5 14. Rfe1 b5 15. Ne5 f6 16. Nd3 Bxd3 17. Qxd3 Ra6 18. Qe4 Qd6 19. f5 b4 20. Na4 exf5 21. Qxf5 Nd7 22. Rac1 g6 23. Qd3 c5 24. Qc4+ Kg7 25. dxc5 Nxc5 26. Nxc5 Rc8 27. Ne6+ Qxe6 28. Qxe6 1-0

[Event "ESCC-65 2022"]
[Site "Lublin"]
[Date "2022.07.07"]
[Round "3.1"]
[White "Praszak, Michal"]
[Black "Renman, Nils-Gustaf"]
[Result "0-1"]
[ECO "A84"]
[WhiteElo "2048"]
[BlackElo "2311"]
[Annotator "RC"]
[PlyCount "116"]
[EventDate "2022.07.05"]
[EventType "swiss"]
[EventCountry "POL"]
[SourceTitle "playchess.com"]
[Source "ChessBase"]
[SourceQuality "1"]
[TimeControl "40/5400+30:1800+30"]

1. d4 e6 2. c4 f5 3. Nc3 Nf6 4. g3 c6 5. Bg2 d5 6. Qd3 Bd6 7. Nh3 O-O 8. Bf4 Bxf4 9. Nxf4 g5 10. Nh3 h6 11. f3 Na6 12. a3 dxc4 13. Qxc4 Nd5 14. Qd3 c5 15. Rd1 c4 16. Qd2 Nac7 17. e4 Nxc3 18. bxc3 Qe7 19. O-O fxe4 20. fxe4 Rxf1+ 21. Rxf1 e5 22. d5 Ne8 23. Qe2 Nd6 24. Nf2 Bd7 25. Nd1 Rf8 26. Rxf8+ Qxf8 27. Ne3 Kg7 28. Qb2 Qc8 29. Qb4 Qc7 30. a4 a5 31. Qa3 Qb6 32. Kf2 Kf7 33. Ke2 h5 34. Kd2 Ke8 35. h3 Kd8 36. g4 hxg4 37. hxg4 Kc7 38. Bf3 Bc8 39. Ke2 Bd7 40. Kd2 Kd8 41. Ke2 Ke8 42. Kd2 Kf7 43. Ke2 Qc7 44. Kd2 b6 45. Qa1 Kg7 46. Qh1 Qd8 47. Be2 Qf6 48. Nf5+ Bxf5 49. gxf5 g4 50. Kc2 Qg5 51. Bf1 Qe3 52. f6+ Kg6 53. Bxc4 Nxc4 54. Qh8 Qf2+ 55. Kb3 Nd2+ 56. Ka3 Qxf6 57. Qg8+ Kh5 58. Qh7+ Kg5 0-1

[Event "ESCC-65 2022"]
[Site "Lublin"]
[Date "2022.07.07"]
[Round "3.2"]
[White "Petran, Peter"]
[Black "Biro, Sandor"]
[Result "1-0"]
[ECO "A04"]
[WhiteElo "2234"]
[BlackElo "2116"]
[Annotator "RC"]
[PlyCount "69"]
[EventDate "2022.07.05"]
[EventType "swiss"]
[EventCountry "POL"]
[SourceTitle "playchess.com"]
[Source "ChessBase"]
[SourceQuality "1"]
[TimeControl "40/5400+30:1800+30"]

1. Nf3 Nc6 2. d4 d5 3. g3 Bg4 4. Bg2 e6 5. O-O Nge7 6. Nbd2 h5 7. h3 Bf5 8. c3 a5 9. Re1 Ng6 10. e4 dxe4 11. Nxe4 Bxe4 12. Rxe4 Be7 13. h4 a4 14. Qe2 Qd7 15. Bh3 Nd8 16. Bg5 Ra5 17. Re1 O-O 18. Bd2 Rb5 19. Bc1 Rb6 20. Ng5 Bxg5 21. Bxg5 Ne7 22. Bxe7 Qxe7 23. d5 Qc5 24. dxe6 fxe6 25. Re5 Qd6 26. Rxh5 Rf6 27. Rd1 Qf8 28. Ra5 Nc6 29. Rxa4 Qc5 30. Bxe6+ Kh7 31. Rd5 Qe7 32. Rh5+ Rh6 33. Rxh6+ Kxh6 34. Re4 Qf6 35. Bb3 1-0

[Event "ESCC-65 2022"]
[Site "Lublin"]
[Date "2022.07.07"]
[Round "3.3"]
[White "Schulz, Michael"]
[Black "Dobosz, Henryk"]
[Result "0-1"]
[ECO "A45"]
[WhiteElo "2217"]
[BlackElo "2354"]
[Annotator "RC"]
[PlyCount "94"]
[EventDate "2022.07.05"]
[EventType "swiss"]
[EventCountry "POL"]
[SourceTitle "playchess.com"]
[Source "ChessBase"]
[SourceQuality "1"]
[TimeControl "40/5400+30:1800+30"]

1. d4 Nf6 2. Bg5 e6 3. Nd2 h6 4. Bh4 c5 5. e3 cxd4 6. exd4 Be7 7. Ngf3 b6 8. Bd3 Bb7 9. O-O O-O 10. Re1 d6 11. c3 Nbd7 12. Qe2 Re8 13. Ba6 Qc8 14. Bxb7 Qxb7 15. a4 a6 16. c4 Bf8 17. b3 d5 18. Rec1 Rac8 19. Ne5 Nxe5 20. Bxf6 Ng6 21. Be5 Nxe5 22. Qxe5 Be7 23. Nf3 Bf6 24. Qe3 Re7 25. a5 dxc4 26. bxc4 b5 27. Rab1 Rec7 28. c5 Qd5 29. h4 Rd7 30. Rd1 Rcd8 31. Rd2 Qc4 32. Rbd1 Rd5 33. g3 Qb4 34. Rc1 Qxa5 35. c6 Rc8 36. Rdc2 Qb6 37. Ne5 Bxe5 38. dxe5 Qxe3 39. fxe3 b4 40. c7 Kf8 41. Rc6 a5 42. e4 Rxe5 43. Ra6 Rb5 44. Kf2 b3 45. Ra7 Ke7 46. Ke3 b2 47. Rb1 Kd6 0-1

[Event "ESCC-65 2022"]
[Site "Lublin"]
[Date "2022.07.07"]
[Round "3.4"]
[White "Berkley, Stephen W"]
[Black "Syre, Christian"]
[Result "0-1"]
[ECO "A53"]
[WhiteElo "1525"]
[BlackElo "2243"]
[Annotator "RC"]
[PlyCount "68"]
[EventDate "2022.07.05"]
[EventType "swiss"]
[EventCountry "POL"]
[SourceTitle "playchess.com"]
[Source "ChessBase"]
[SourceQuality "1"]
[TimeControl "40/5400+30:1800+30"]

1. d4 Nf6 2. c4 d6 3. Nc3 Nbd7 4. e4 e5 5. d5 Nc5 6. f3 a5 7. Be3 Be7 8. Nge2 Nfd7 9. Nc1 Bg5 10. Qd2 Bxe3 11. Qxe3 O-O 12. Nd3 g6 13. O-O-O Nxd3+ 14. Bxd3 Nc5 15. Bb1 Bd7 16. Qh6 Qe7 17. h4 f6 18. Rdf1 Rf7 19. Qd2 Raf8 20. Bc2 f5 21. Re1 b6 22. b3 fxe4 23. Nxe4 Nxe4 24. Bxe4 Bf5 25. h5 g5 26. Bxf5 Rxf5 27. h6 Kh8 28. Re4 Rf4 29. Rh5 Qf6 30. Rxf4 gxf4 31. Qe1 Rg8 32. Qh1 Rg3 33. Rh3 e4 34. Rxg3 Qa1+ 0-1

[Event "ESCC-65 2022"]
[Site "Lublin"]
[Date "2022.07.07"]
[Round "3.5"]
[White "Lederman, Leon"]
[Black "Rak, Tomasz"]
[Result "1-0"]
[ECO "B35"]
[WhiteElo "2213"]
[BlackElo "1887"]
[Annotator "RC"]
[PlyCount "70"]
[EventDate "2022.07.05"]
[EventType "swiss"]
[EventCountry "POL"]
[SourceTitle "playchess.com"]
[Source "ChessBase"]
[SourceQuality "1"]
[TimeControl "40/5400+30:1800+30"]

1. e4 c5 2. Nf3 Nc6 3. d4 cxd4 4. Nxd4 Nf6 5. Nc3 g6 6. Be3 Bg7 7. Bc4 O-O 8. Bb3 d6 9. f3 Bd7 10. h4 Qb8 11. h5 Nxh5 12. g4 Nf6 13. Qd2 d5 14. O-O-O Rc8 15. Nxd5 Nxd5 16. exd5 Ne5 17. Qh2 h5 18. gxh5 Bf5 19. Nxf5 gxf5 20. Qf4 Nc4 21. d6 Nxe3 22. Qxe3 e6 23. Rhg1 Kh7 24. Rxg7+ Kxg7 25. Qg5+ Kh7 26. Qe7 Rf8 27. Bxe6 Qd8 28. Bxf7 Qxe7 29. Bg6+ Kh6 30. dxe7 Rg8 31. Re1 Rae8 32. Bxe8 Rxe8 33. Re5 Kg5 34. Kd2 Kf4 35. Re6 Rc8 1-0

[Event "ESCC-65 2022"]
[Site "Lublin"]
[Date "2022.07.07"]
[Round "3.6"]
[White "Sokolowski, Ryszard"]
[Black "Bogdanov, Valentin"]
[Result "0-1"]
[ECO "E00"]
[WhiteElo "2050"]
[BlackElo "2333"]
[Annotator "RC"]
[PlyCount "78"]
[EventDate "2022.07.05"]
[EventType "swiss"]
[EventCountry "POL"]
[SourceTitle "playchess.com"]
[Source "ChessBase"]
[SourceQuality "1"]
[TimeControl "40/5400+30:1800+30"]

1. d4 e6 2. c4 Bb4+ 3. Bd2 a5 4. Nf3 Nf6 5. Qc2 d5 6. a3 Bxd2+ 7. Nbxd2 O-O 8. e4 dxe4 9. Nxe4 Nxe4 10. Qxe4 Nd7 11. O-O-O c5 12. Bd3 Nf6 13. Qh4 Qc7 14. Kb1 cxd4 15. Rhe1 h6 16. Nxd4 Bd7 17. f4 Rfd8 18. Qf2 Ba4 19. Nb5 Qc6 20. Bc2 Bxb5 21. cxb5 Qxb5 22. Rxd8+ Rxd8 23. Re5 Rd5 24. Re1 Qd7 25. Re2 g6 26. h3 Kg7 27. g4 Qd6 28. Qf3 b5 29. h4 Rd4 30. Rf2 Nd5 31. Be4 Nxf4 32. g5 hxg5 33. hxg5 Qe5 34. Bc6 Qxg5 35. Rc2 b4 36. axb4 axb4 37. Rc1 Qf5+ 38. Ka2 Rd3 39. Qf1 Qa5+ 0-1